 Dungeon Crawl Stone Soup version 0.31-a0-1467-g53b6572 (webtiles) character file.

Game seed: 5814250593794005539

37 samfromsteam the Trooper (level 3, 0/33 HPs)
             Began as a Minotaur Fighter on Dec 28, 2023.
             Slain by Natasha (3 damage)
             ... on level 2 of the Dungeon.
             The game lasted 00:01:38 (780 turns).

samfromsteam the Trooper (Minotaur Fighter)          Turns: 780, Time: 00:01:40

Health: 0/33       AC:  7    Str: 28    XL:     3   Next: 21%
Magic:  2/2        EV:  9    Int:  5    God:
Gold:   49         SH:  4    Dex:  9    Spells: 2/2 levels left

rFire   . . .        a - +0 war axe
rCold   . . .        c - +0 buckler
rNeg    + . .        b - +0 scale mail
rPois   .            (helmet restricted)
rElec   .            (no cloak)
rCorr   .            (no gloves)
SInv    .            (no boots)
Will    .....        (no amulet) Stlth
                     g - +6 ring of strength
HPRegen 0.25/turn    i - ring of positive energy
MPRegen 0.08/turn

%: no passive effects
@: no status effects
A: horns 2, retaliatory headbutt
a: no special abilities


You were on level 2 of the Dungeon.
You visited 1 branch of the dungeon, and saw 2 of its levels.

You collected 49 gold pieces.

Inventory:

Hand Weapons
 a - a +0 war axe (weapon)
Armour
 b - a +0 scale mail (worn)
 c - a +0 buckler (worn)
 j - a +1 hat
Jewellery
 g - a +6 ring of strength (left hand)
 i - a ring of positive energy (right hand)
Scrolls
 e - a scroll of teleportation {unknown}
 h - a scroll of amnesia {unknown}
Potions
 d - 2 potions of might
 f - 2 potions of attraction {unknown}


   Skills:
 + Level 4.1 Fighting
 + Level 3.0 Axes
 + Level 4.1 Armour
 + Level 4.0 Shields


You had 2 spell levels left.
You didn't know any spells.
Your spell library contained the following spells:

 Spells                   Type           Power      Damage    Failure   Level
 Call Canine Familiar     Summ           0%         N/A       98%         3
 Sigil of Binding         Hex            0%         N/A       98%         3
 Dimensional Bullseye     Hex/Tloc       0%         N/A       100%        4


Dungeon Overview and Level Annotations

Branches:
Dungeon (2/15)

Altars:

Annotations:
D:2 Natasha


Innate Abilities, Weirdness & Mutations

You have a pair of horns on your head.
You reflexively headbutt those who attack you in melee.


Message History

The quokka bites you.
Natasha mumbles some strange words.
Natasha glows brightly for a moment.
Natasha stares at you and mumbles some strange words.
The magic dart hits you but does no damage.
The quokka bites you but does no damage.
You miss the quokka.
The quokka is moderately wounded.
You closely miss Natasha. You block the quokka's attack.
Natasha barely misses you.
You closely miss the quokka.
The quokka is moderately wounded.
You barely miss Natasha. The quokka barely misses you. Natasha claws you.
You block the quokka's attack.
Natasha stares at you and mumbles some strange words.
You resist with significant effort.
You closely miss the quokka. Your headbutt misses the quokka.
The quokka is moderately wounded.
You barely miss Natasha. The quokka closely misses you. Natasha claws you.
The quokka barely misses you.
You slash the quokka!
You kill the quokka!
You hit Natasha.
Natasha howls an incantation.
You feel disoriented.
Natasha stares at you and mumbles some strange words.
The magic dart hits you!
You hit Natasha. Your headbutt misses Natasha.
Natasha is moderately wounded.
Natasha claws you.
* * * LOW HITPOINT WARNING * * *
Natasha claws you.
* * * LOW HITPOINT WARNING * * *
You closely miss Natasha. Your headbutt misses Natasha.
Natasha is moderately wounded.
Natasha wildly gestures.
Natasha shimmers violently.
Natasha claws you.
You die...
Natasha begins licking her fur clean.

#............#
#.....##...###
.###.............
......).#...#....
..###...+.>.# ...
# #...#####....
#...#........
.######....#
.......@...#
.......†h..#
#######....#
.....# .......
.........
.....$....
#..........


You could see Natasha.

Vanquished Creatures
  2 dart slugs (D:1)
  A ball python (D:1)
  3 bats
  6 endoplasms
  A giant cockroach (D:1)
  3 goblins (D:1)
  3 hobgoblins
  3 quokkas
  2 frilled lizards
  5 rats
29 creatures vanquished.

Notes
Turn   | Place    | Note
-------+----------+-------------------------------------------
     0 | D:1      | samfromsteam the Minotaur Fighter began the quest for the
                  | Orb.
     0 | D:1      | Reached XP level 1. HP: 19/19 MP: 0/0
   184 | D:1      | Reached XP level 2. HP: 27/27 MP: 1/1
   688 | D:2      | Reached XP level 3. HP: 33/33 MP: 2/2
   770 | D:2      | Noticed Natasha
   779 | D:2      | HP: 2/33 [Natasha (3)]
   780 | D:2      | Slain by Natasha

Illustrated notes

Levels and vault maps discovered:
D:1:      ebering_trefoil_twist, layout_basic, serial_bayou_pond_a, minivault_25
D:2:      layout_basic, chequers_ecumenical_altar_simple_redux, minmay_circle_x,
          uniq_natasha, uniq_sigmund

Skill      XL: |  1  2 |
---------------+-------+-----
Fighting       | 4 |  4.1
Armour         | 4 |  4.1
Shields        | 4 |  4.0
Axes           | 3 |  3.0

Action                     || total
---------------------------++-------
  Melee: War axe           ||    59
         Headbutt          ||     8
 Armour: Scale mail        ||    33
  Dodge: Dodged            ||    27
  Block: Buckler           ||    10

Table legend: (Time is in decaauts)
 A = Elapsed time spent in this place.
 B = Non-inter-level travel time spent in this place.
 C = Inter-level travel time spent in this place.
 D = Time resting spent in this place.
 E = Time spent auto-exploring this place.
 F = Levels seen in this place.
 G = Mean time per level.
                   A        B        C        D        E       F      G
               +--------+--------+--------+--------+--------+-----+--------+
         Total |    802 |    788 |     14 |      0 |    622 |   2 |  401.0 |
       Dungeon |    802 |    788 |     14 |      0 |    622 |   2 |  401.0 |
               +--------+--------+--------+--------+--------+-----+--------+

Top non-repeatable levels by time:
     D:1: 699 daAuts
     D:2: 103 daAuts
